 Dungeon Crawl Stone Soup version 0.28-a0-1435-g82390b3a13 (webtiles) character file.

Game seed: 14988246511099625318

254 voltaire321 the Grasshopper (level 5, -1/27 HPs)
             Began as a Spriggan Warper on Jan 10, 2022.
             Slain by an orc (7 damage)
             ... on level 3 of the Dungeon.
             The game lasted 00:09:36 (3303 turns).

voltaire321 the Grasshopper (Spriggan Warper)       Turns: 3303, Time: 00:09:36

Health: -1/27      AC:  2    Str:  7    XL:     5   Next: 90%
Magic:  11/11      EV: 19    Int: 15    God:
Gold:   91         SH:  5    Dex: 16    Spells: 9/11 levels left

rFire   . . .      SeeInvis +   q - +2 whip (elec)
rCold   . . .      Faith    .   (no shield)
rNeg    . . .      Spirit   .   b - +0 robe
rPois   .          Reflect  +   (helmet restricted)
rElec   .          Harm     .   (no cloak)
rCorr   .          Rampage  .   (gloves unavailable)
Will    .....                   (boots unavailable)
Stlth   ++........              k - amulet of reflection
HPRegen 0.09/turn               (no ring)
MPRegen 0.12/turn               (no ring)

@: very quick
A: very small, no large weapons, unfitting armour, see invisible, speed 3
a: no special abilities


You were on level 3 of the Dungeon.
You visited 1 branch of the dungeon, and saw 6 of its levels.

You collected 91 gold pieces.

Inventory:

Hand Weapons
 a - a +0 short sword
 q - a +2 whip of electrocution (weapon)
Missiles
 d - 5 boomerangs of dispersal (quivered)
 g - 19 poisoned darts
Armour
 b - a +0 robe (worn)
Jewellery
 k - an amulet of reflection (around neck)
 l - an amulet of faith
Wands
 m - a wand of acid (10)
 p - a wand of polymorph (11)
Scrolls
 c - a scroll of blinking
 i - a scroll of enchant weapon {unknown}
 n - a scroll of fog {unknown}
 o - a scroll of enchant armour {unknown}
 r - 2 scrolls of teleportation {unknown}
Potions
 e - 2 potions of curing
 f - a potion of magic {unknown}
 h - a potion of ambrosia {unknown}
 j - a potion of lignification {unknown}


   Skills:
 + Level 2.4 Fighting
 + Level 3.4 Short Blades
 - Level 1.2 Throwing
 + Level 4.5 Dodging
 + Level 3.0 Stealth
 + Level 3.9 Spellcasting
 + Level 5.6 Translocations


You had 9 spell levels left.
You knew the following spells:

 Your Spells              Type           Power      Damage    Failure   Level
a - Blink                 Tloc           38%        N/A       2%          2

Your spell library contained the following spells:

 Spells                   Type           Power      Damage    Failure   Level
 Gell's Gravitas          Tloc           19%        N/A       5%          3
 Lesser Beckoning         Tloc           19%        N/A       5%          3
 Teleport Other           Tloc           19%        N/A       5%          3
 Manifold Assault         Tloc           19%        N/A       45%         5


Dungeon Overview and Level Annotations

Branches:
Dungeon (6/15)
 Temple: D:4-7

Altars:
Okawaru
Sif Muna


Innate Abilities, Weirdness & Mutations

You are very small and have problems with some larger weapons.
You are too small for most types of armour.
You have supernaturally acute eyesight. (SInv)
You cover ground extremely quickly. (Speed+++)


Message History

You closely miss the orc wizard.
The orc wizard is almost dead.
The orc wizard casts a spell at you.
You easily resist.
You hit the orc wizard.
Lightning courses through the orc wizard!
You kill the orc wizard!
You closely miss the orc. The orc hits you with a +0 flail.
You hit the orc.
The orc is heavily wounded.
The orc misses you.
You hit the orc wizard.
The orc wizard is lightly wounded.
You barely miss the orc wizard.
The orc wizard is lightly wounded.
The orc wizard barely misses you.
You closely miss the orc wizard.
The orc wizard is lightly wounded.
You block the orc wizard's attack. The orc wizard casts a spell at you.
The magic dart hits you!
You closely miss the orc wizard.
The orc wizard is lightly wounded.
You block the orc wizard's attack.
You hit the orc wizard.
The orc wizard is moderately wounded.
The orc wizard hits you with a +0 dagger.
* * * LOW HITPOINT WARNING * * *
You hit the orc wizard.
The orc wizard is severely wounded.
The orc wizard hits you with a +0 dagger.
* * * LOW HITPOINT WARNING * * *
You hit the orc wizard but do no damage.
Lightning courses through the orc wizard!
You kill the orc wizard!
Your Stealth skill increases to level 3!
You hit the orc.
The orc is severely wounded.
The orc hits you with a +0 flail!
You die...

#####...######.#.#...##
.............#.#.#....†
####.........#.#.#.####
.............#.#.#.....
####.....###.#.#.##..##
#.###.# ).#.###.# #.
#.# ###.#.## #.###.#
##...## #..@o.#
#.....## #.###.#
#....... ##### #.
#.......#.....## >...#
#. #.#####.##...###
##### ## ... .# ######
# ... .... # .##.#
.#.## # . .. ....## #.
#.# .....#


You could see an orc.

Vanquished Creatures
  A hound (D:5)
  Natasha (twice) (D:2)
  2 orc wizards (D:3)
  4 adders
  A dart slug (D:2)
  An orc (D:2)
  4 ball pythons
  7 endoplasms
  4 giant cockroaches
  3 goblins (D:1)
  3 hobgoblins
  12 jackals
  2 quokkas (D:2)
  4 bats
  5 frilled lizards
  4 kobolds
  3 rats
62 creatures vanquished.

Vanquished Creatures (others)
  Natasha (D:2)
1 creature vanquished.

Grand Total: 63 creatures vanquished

Notes
Turn   | Place    | Note
-------+----------+-------------------------------------------
     0 | D:1      | voltaire321 the Spriggan Warper began the quest for the
                  | Orb.
     0 | D:1      | Reached XP level 1. HP: 10/10 MP: 5/5
   299 | D:1      | Reached XP level 2. HP: 13/15 MP: 6/6
   327 | D:1      | Learned a level 2 spell: Blink
  1253 | D:2      | Reached XP level 3. HP: 15/18 MP: 8/8
  1360 | D:2      | Noticed Natasha
  1397 | D:2      | Killed Natasha
  1398 | D:2      | Reached skill level 1 in Stealth
  1400 | D:2      | Reached skill level 5 in Translocations
  1638 | D:2      | Reached XP level 4. HP: 23/23 MP: 9/9
  1737 | D:2      | Found a faded altar of an unknown god.
  1945 | D:2      | Noticed Natasha
  1988 | D:2      | Killed Natasha
  2462 | D:2      | Noticed Natasha
  2466 | D:2      | Killed Natasha
  2467 | D:2      | Reached XP level 5. HP: 26/26 MP: 11/11
  2737 | D:3      | You fall into a shaft and drop 3 floors!
  2838 | D:6      | Noticed a necrophage
  2867 | D:5      | Entered Level 5 of the Dungeon
  2895 | D:5      | Noticed an ogre
  3040 | D:4      | Found a shimmering blue altar of Sif Muna.
  3163 | D:4      | Found an iron altar of Okawaru.
  3303 | D:3      | Slain by an orc

Illustrated notes

Levels and vault maps discovered:
D:1:      heliophobic_arrival_enchanted_forest, layout_rooms, minmay_distorted
D:2:      layout_loops_ring, ebering_ecumenical_altar_webs, uniq_natasha
D:3:      layout_loops_cross, serial_co_window_serial, co_window_paths_b,
          co_window_paths_a, co_window_paths_a, co_window_paths_a,
          co_window_paths_b, co_window_corner_a, co_window_paths_b,
          co_window_of_opportunity_b, co_window_broadway_b, co_window_corner_cb,
          glass_columns_a, glass_columns_b, glass_columns_c
D:4:      layout_loops_ring, chequers_temple_overflow_statue_of_worship,
          minmay_temple_entry_crystal_x, gammafunk_ghost_smash, uniq_robin,
          uniq_pikel, uniq_edmund, uniq_eustachio
D:5:      layout_cave_pools
D:6:      layout_layer_cave, ashenzari_altar_1, serial_shops, shop_statue

Skill      XL: |  1  2  3  4  5 |
---------------+----------------+-----
Spellcasting   | 3 |  3.9
Fighting       | 2 |  2.4
Stealth        | 1 2 3 |  3.0
Translocations | 5 |  5.6
Dodging        | 4 |  4.5
Short Blades   | 3 |  3.4
Throwing       | |  1.2

Action                   |  1- 3 |  4- 6 || total
-------------------------+-------+-------++-------
Melee: Short sword       |   149 |    84 ||   233
       Punch             |     4 |     2 ||     6
       Unarmed           |       |     2 ||     2
       Whip              |       |    37 ||    37
 Stab: Sleeping          |     2 |     4 ||     6
Armor: Robe              |    21 |     7 ||    28
Dodge: Dodged            |    95 |    75 ||   170
Block: Other             |     9 |    16 ||    25

Table legend: (Time is in decaauts)
 A = Elapsed time spent in this place.
 B = Non-inter-level travel time spent in this place.
 C = Inter-level travel time spent in this place.
 D = Time resting spent in this place.
 E = Time spent auto-exploring this place.
 F = Levels seen in this place.
 G = Mean time per level.
                   A        B        C        D        E       F      G
               +--------+--------+--------+--------+--------+-----+--------+
         Total |   2727 |   2691 |     36 |   1043 |    948 |   6 |  454.5 |
       Dungeon |   2727 |   2691 |     36 |   1043 |    948 |   6 |  454.5 |
               +--------+--------+--------+--------+--------+-----+--------+

Top non-repeatable levels by time:
     D:2: 1159 daAuts
     D:1: 973 daAuts
     D:4: 250 daAuts
     D:3: 231 daAuts
     D:6: 79 daAuts
     D:5: 31 daAuts
